 Dungeon Crawl Stone Soup version 0.22-a0-162-g33bf1272b0 (webtiles) character file.

373 MrRokkomies the Skirmisher (level 6, -1/52 HPs)
             Began as a Barachi Gladiator on Feb 12, 2018.
             Killed from afar by Ijyb (16 damage)
             ... with a wand of acid (4)
             ... on level 4 of the Dungeon.
             The game lasted 00:11:28 (2442 turns).

MrRokkomies the Skirmisher (Barachi Gladiator)      Turns: 2442, Time: 00:11:29

Health: -1/52      AC:  8    Str: 16    XL:     6   Next: 71%
Magic:  6/6        EV: 10    Int: 10    God:
Gold:   154        SH:  0    Dex: 13    Spells: 5/5 levels left

rFire    . . .     SeeInvis .   a - +0 trident
rCold    . . .     Gourm    .   (no shield)
rNeg     + . .     Faith    .   e - +0 scale mail
rPois    .         Spirit   .   c - +1 helmet
rElec    .         Reflect  .   (no cloak)
rCorr    .         Harm     .   (no gloves)
MR       .....                  (no boots)
Stlth    ..........             b - amulet of regeneration
HPRegen  0.57/turn              i - ring of positive energy
MPRegen  0.10/turn              (no ring)

@: slow
A: +LOS, swims, slowness 1, strong legs 1
a: Hop


You were on level 4 of the Dungeon.
You were not hungry.

You visited 1 branch of the dungeon, and saw 4 of its levels.

You collected 154 gold pieces.

Inventory:

Hand Weapons
 a - a +0 trident (weapon)
 s - a +0 blowgun
Armour
 c - a +1 helmet (worn)
 e - a +0 scale mail (worn)
Jewellery
 b - an amulet of regeneration (around neck)
 i - a ring of positive energy (left hand)
Scrolls
 p - a scroll of amnesia
 q - a scroll of immolation
Potions
 h - a potion of brilliance
 l - a potion of magic
Comestibles
 f - 7 rations


   Skills:
 * Level 6.1 Fighting
 * Level 5.5 Polearms
 - Level 2.0 Throwing
 - Level 3.2 Dodging


You had 5 spell levels left.
You didn't know any spells.

Dungeon Overview and Level Annotations

Branches:
Dungeon (4/15)
 Temple: D:4-7

Altars:
Nemelex Xobeh

Annotations:
D:3 Roak's ghost, amateur MiGl
D:4 Ijyb; Sigmund


Innate Abilities, Weirdness & Mutations

Shadows flee at your approach. (+LOS)
You can swim through water.
You cover ground slowly.
You can hop short distances.


Message History

Firing (i - inventory)
t - 2 curare-tipped needles (quivered)
Press: ? - help, Shift-Dir - straight line, f - Ijyb
Aim: Ijyb, wearing a ring mail You shoot a curare-tipped needle.
The curare-tipped needle closely misses Ijyb.
Sigmund laughs darkly.
Sigmund barely misses you.
Firing (i - inventory)
t - a curare-tipped needle (quivered)
Press: ? - help, Shift-Dir - straight line, f/p - Ijyb
Aim: Ijyb, wearing a ring mail You shoot a curare-tipped needle.
The curare-tipped needle closely misses Ijyb.
Ijyb screams, "Get away!"
Ijyb closely misses you.
a - a +0 trident (weapon)
Sigmund hits you with a scythe.
* * * LOW HITPOINT WARNING * * *
Ijyb barely misses you.
You closely miss Ijyb.
Ijyb zaps a wand.
The bolt of acid hits you!
You die...

...# #.... .....
#..###.#.# ......
....#.>. #...#..
#.....###......
#...(......... ####
#....#.....# h. .....
#..........#..% ......
###@....)#.[.....
.......#g@.....w...!....
........<#†....<........
.......###..............
...... .......)......?..
.(... ..................
.... ..................
... ..................
.. ......!....##...... .
........... ......


You could see Sigmund, Ijyb and a worm.

Vanquished Creatures
  A phantom (D:3)
  An orc priest (D:3)
  An orc wizard (D:3)
  4 gnolls (D:1)
  6 adders
  2 oozes (D:2)
  An adder skeleton (D:4)
  3 worms
  2 dart slugs (D:2)
  4 leopard geckos
  12 orcs
  6 giant cockroaches
  5 goblins
  8 hobgoblins
  6 jackals
  9 kobolds
  A quokka (D:2)
  5 ball pythons
  8 bats
  4 frilled lizards
  A jackal skeleton (D:4)
  12 rats
102 creatures vanquished.

Notes
Turn   | Place    | Note
-------+----------+-------------------------------------------
     0 | D:1      | MrRokkomies the Barachi Gladiator began the quest for the Orb.
     0 | D:1      | Reached XP level 1. HP: 17/17 MP: 1/1
   129 | D:1      | Reached XP level 2. HP: 23/23 MP: 2/2
   162 | D:1      | Reached skill level 3 in Fighting
   426 | D:1      | Reached XP level 3. HP: 29/29 MP: 3/3
   816 | D:1      | Reached XP level 4. HP: 26/37 MP: 4/4
   821 | D:1      | Reached skill level 4 in Fighting
  1250 | D:2      | Reached XP level 5. HP: 40/43 MP: 5/5
  1717 | D:3      | Reached skill level 5 in Fighting
  1831 | D:3      | Reached skill level 5 in Polearms
  1831 | D:3      | Reached XP level 6. HP: 51/51 MP: 6/6
  1912 | D:3      | Noticed Roak's ghost (amateur MiGl)
  1981 | D:3      | Found a sparkling altar of Nemelex Xobeh.
  2274 | D:4      | Noticed a phantom
  2352 | D:3      | Killed a phantom
  2352 | D:3      | Reached skill level 6 in Fighting
  2393 | D:4      | Noticed Sigmund
  2432 | D:4      | Noticed Ijyb
  2442 | D:4      | Killed from afar by Ijyb

Vault maps used:
D:1:      sevenhm_arrival_forest_fort_small_4
D:2:      corexii_shack, minmay_crystal_water, serial_bayou_crossing
D:3:      old_standard_altar
D:4:      lemuel_zombie_altar_yredelemnul, portal_sewer_entry_e, uniq_ijyb,
          uniq_sigmund, uniq_edmund

Skill      XL: |  1  2  3  4  5  6 |
---------------+-------------------+-----
Fighting       | 3 4 5 6 |  6.1
Polearms       | 4 5 |  5.5
Throwing       | |  2.0
Dodging        | |  3.2

Action                   |  1- 3 |  4- 6 || total
-------------------------+-------+-------++-------
Melee: Trident           |   114 |   309 ||   423
 Fire: Blowgun           |       |     2 ||     2
Throw: Throwing net      |       |     4 ||     4
 Abil: Hop               |     1 |     1 ||     2
  Use: Scroll            |     5 |     9 ||    14
       Potion            |       |     4 ||     4
  Eat: Chunk             |       |     7 ||     7
Armor: Scale mail        |    36 |   133 ||   169
Dodge: Dodged            |    65 |   155 ||   220

Table legend:
 A = Spawn XP
 B = Non-spawn XP
 C = Spawn XP percentage of total XP
 D = Spawn monster count
 E = Non-spawn monster count
 F = Spawn count percentage of total count
 G = Total turns spent on level
                    A         B        C        D         E        F      G
               +---------+---------+-------+---------+---------+-------+---------
         Total |       0 |     533 |   0.0 |       0 |     102 |   0.0 |  2442
               +---------+---------+-------+---------+---------+-------+---------
           D:1 |       0 |      97 |   0.0 |       0 |      30 |   0.0 |   823
           D:2 |       0 |      83 |   0.0 |       0 |      27 |   0.0 |   926
           D:3 |       0 |     287 |   0.0 |       0 |      28 |   0.0 |   573
           D:4 |       0 |      66 |   0.0 |       0 |      17 |   0.0 |   120
               +---------+---------+-------+---------+---------+-------+---------
